 Dungeon Crawl Stone Soup version 0.29.0-4-gdea44cf6ec (webtiles) character file.

Game seed: 1927667302270265360

69 qw the Chopper (level 4, -2/26 HPs)
             Began as a Tengu Warper on Aug 28, 2022.
             Slain by Robin
             ... wielding a +3 dagger of protection
              (5 damage)
             ... on level 3 of the Dungeon.
             The game lasted 00:00:11 (1835 turns).

qw the Chopper (Tengu Warper)                       Turns: 1835, Time: 00:00:12

Health: -2/26      AC:  3    Str: 13    XL:     4   Next: 20%
Magic:  8/8        EV: 12    Int: 13    God:
Gold:   157        SH:  0    Dex: 14    Spells: 7/7 levels left

rFire   . . .      SeeInvis .   Y - +1 hand axe (vorpal)
rCold   . . .      Faith    .   (no shield)
rNeg    + . .      Spirit   .   b - +0 leather armour
rPois   .          Reflect  .   (helmet restricted)
rElec   .          Harm     .   (no cloak)
rCorr   .          Rampage  .   (no gloves)
Will    .....                   (boots unavailable)
Stlth   +.........              (no amulet)
HPRegen 0.08/turn               j - ring of positive energy
MPRegen 0.11/turn               (no ring)

@: about to teleport
A: beak, talons 3
a: no special abilities


You were on level 3 of the Dungeon.
You visited 1 branch of the dungeon, and saw 3 of its levels.

You collected 157 gold pieces.


Innate Abilities, Weirdness & Mutations

You have a beak for a mouth.
You have claws for feet.


   Skills:
 - Level 2.0 Fighting
 + Level 4.8 Axes
 - Level 1.0 Throwing
 - Level 1.1 Armour
 - Level 2.1 Dodging
 - Level 2.0 Spellcasting
 - Level 2.4 Translocations


You had 7 spell levels left.
You didn't know any spells.
Your spell library contained the following spells:

 Spells                   Type           Power      Damage    Failure   Level
 Blink                    Tloc           14%        N/A       19%         2
 Gell's Gravitas          Tloc           7%         N/A       36%         3
 Lesser Beckoning         Tloc           7%         N/A       36%         3
 Teleport Other           Tloc           7%         N/A       36%         3
 Manifold Assault         Tloc           7%         N/A       98%         5

Inventory:

Hand Weapons
 f - a +0 club
 Y - a +1 vorpal hand axe (weapon)
Armour
 b - a +0 leather armour (worn)
Jewellery
 j - a ring of positive energy (left hand)
Scrolls
 a - 2 scrolls of teleportation
 g - a scroll of identify
Potions
 d - a potion of cancellation
 h - a potion of curing {unknown}

Dungeon Overview and Level Annotations

Branches:
Dungeon (3/15)

Altars:

Annotations:
D:3 Robin


Message History

You see here a hobgoblin corpse.
You hit Robin but do no damage. Your kick misses Robin.
Robin roars a battlecry!
The goblin goes into a battle-frenzy!
You hit Robin but do no damage.
Robin hits you with a +3 dagger of protection. x2
The frilled lizard bites you.
You hit Robin but do no damage. Your kick misses Robin. You peck Robin.
You punch Robin.
Robin is lightly wounded.
You closely miss the frilled lizard. Robin throws the goblin at you!
The frilled lizard closely misses you. The goblin barely misses you.
You closely miss Robin. Your peck misses Robin.
Robin is lightly wounded.
You hit the goblin. You hit the frilled lizard.
You kill the frilled lizard!
Robin hits you with a +3 dagger of protection.
The goblin hits you with a +0 club.
You closely miss the goblin. You claw the goblin.
You kill the goblin!
You barely miss Robin. Robin closely misses you.
You hit Robin but do no damage.
Robin is lightly wounded.
Robin closely misses you.
You hit Robin. You claw Robin. You peck Robin, but do no damage.
Robin is heavily wounded.
Robin misses you.
You hit Robin. You peck Robin, but do no damage.
Robin is severely wounded.
Robin barely misses you.
You hit Robin but do no damage.
Robin is severely wounded.
Robin hits you with a +3 dagger of protection.
1835 ||| READING 3 scrolls of teleportation.
As you read the scroll of teleportation, it crumbles to dust.
You feel strangely unstable.
Robin hits you with a +3 dagger of protection.
You die...

#..........#.# ####...###
......##.###g###.........
#...... #.##..##......
##......# #....##.......
....#...# ###..##.......
......#.##### #..##.......
.(.g........###..##.......
....####.g#...............
....#####@#####)####......
#......))......##..%....
######.........##.......
#.##..###..#.......
...#...# ##%#.......
#......#..# #<).......
#..##### #.# ##........
.... .. #..#..... ### #.#
########.


You could see Robin.

Vanquished Creatures
  2 adders (D:2)
  A dart slug (D:1)
  An orc (D:3)
  4 ball pythons (D:1)
  3 endoplasms
  2 giant cockroaches (D:2)
  6 hobgoblins
  2 jackals (D:1)
  2 kobolds (D:2)
  A quokka (D:2)
  5 bats
  3 frilled lizards
  9 goblins
  4 rats
45 creatures vanquished.

Vanquished Creatures (others)
  A goblin (D:3)
1 creature vanquished.

Grand Total: 46 creatures vanquished

Notes
Turn   | Place    | Note
-------+----------+-------------------------------------------
     0 | D:1      | qw the Tengu Warper began the quest for the Orb.
     0 | D:1      | Reached XP level 1. HP: 12/12 MP: 4/4
     0 | D:1      | 0 ||| qw: Version: 0.1-a-89-g26bdef1
     0 | D:1      | 0 ||| qw: Game counter: 2310
     0 | D:1      | 0 ||| qw: Always use a shield: true
     0 | D:1      | 0 ||| qw: God list: Okawaru
     0 | D:1      | 0 ||| qw: Allow faded altars: false
     0 | D:1      | 0 ||| qw: Do Orc after D:15 true
     0 | D:1      | 0 ||| qw: Do second Lair branch before Depths: true
     0 | D:1      | 0 ||| qw: Lair rune preference: random
     0 | D:1      | 0 ||| qw: Plans: Normal
     0 | D:1      | 0 ||| PLANNING D:1-11
    10 | D:1      | 10 ||| Stepping ~*~*~tactically~*~*~ (stealth).
    20 | D:1      | HP: 1/12 [jackal (3)]
   366 | D:1      | Reached XP level 2. HP: 17/17 MP: 6/6
   426 | D:1      | Reached skill level 3 in Axes
   533 | D:1      | 533 ||| Stepping ~*~*~tactically~*~*~ (stealth).
   848 | D:1      | 848 ||| UPGRADING to ring of positive energy.
   849 | D:1      | 849 ||| READING scroll labelled ATUWIN FAWUP.
   850 | D:1      | 850 ||| READING 3 scrolls labelled AXKOZA BUOSAIN.
   851 | D:1      | 851 ||| READING 2 scrolls labelled NARUPR RAEGH.
   852 | D:1      | 852 ||| READING scroll labelled BIOBBU QIHIKH.
   855 | D:1      | 855 ||| DROPPING scroll of blinking.
   856 | D:1      | 856 ||| DROPPING scroll of fear.
   898 | D:2      | Reached XP level 3. HP: 21/21 MP: 7/7
   928 | D:2      | Reached skill level 4 in Axes
   930 | D:2      | 930 ||| FLEEEEING.
   931 | D:2      | 931 ||| FLEEEEING.
   933 | D:2      | 933 ||| FLEEEEING.
   934 | D:2      | 934 ||| FLEEEEING.
   935 | D:2      | 935 ||| FLEEEEING.
   936 | D:2      | 936 ||| FLEEEEING.
   937 | D:2      | 937 ||| FLEEEEING.
   938 | D:2      | 938 ||| FLEEEEING.
   939 | D:2      | 939 ||| FLEEEEING.
  1037 | D:2      | 1037 ||| SWAPPING to +1 vorpal hand axe.
  1038 | D:2      | 1038 ||| DROPPING +0 hand axe.
  1406 | D:2      | 1406 ||| READING 2 scrolls of identify.
  1406 | D:2      | 1406 ||| IDENTIFYING ruby potion
  1489 | D:3      | 1489 ||| Stepping ~*~*~tactically~*~*~ (hiding).
  1496 | D:3      | 1496 ||| FLEEEEING.
  1500 | D:3      | 1500 ||| FLEEEEING.
  1502 | D:3      | 1502 ||| FLEEEEING.
  1504 | D:3      | 1504 ||| FLEEEEING.
  1505 | D:3      | 1505 ||| FLEEEEING.
  1506 | D:3      | 1506 ||| FLEEEEING.
  1507 | D:3      | 1507 ||| FLEEEEING.
  1508 | D:3      | 1508 ||| FLEEEEING.
  1509 | D:3      | 1509 ||| FLEEEEING.
  1510 | D:3      | 1510 ||| STAIRDANCE
  1590 | D:2      | 1590 ||| READING scroll labelled MABLUXUWORGH.
  1591 | D:2      | 1591 ||| READING scroll labelled FOOREI YMIQA.
  1594 | D:3      | 1594 ||| STAIRDANCE
  1603 | D:3      | 1603 ||| STAIRDANCE
  1608 | D:2      | Reached XP level 4. HP: 17/26 MP: 8/8
  1752 | D:3      | 1752 ||| STAIRDANCE
  1815 | D:3      | Noticed Robin
  1817 | D:3      | 1817 ||| Stepping ~*~*~tactically~*~*~ (hiding).
  1818 | D:3      | 1818 ||| Stepping ~*~*~tactically~*~*~ (hiding).
  1819 | D:3      | 1819 ||| Stepping ~*~*~tactically~*~*~ (stealth).
  1820 | D:3      | 1820 ||| Stepping ~*~*~tactically~*~*~ (hiding).
  1822 | D:3      | 1822 ||| Stepping ~*~*~tactically~*~*~ (hiding).
  1834 | D:3      | HP: 3/26 [Robin/+3 dagger of protection (5)]
  1835 | D:3      | 1835 ||| READING 3 scrolls of teleportation.
  1835 | D:3      | Slain by Robin

Levels and vault maps discovered:
D:1:      evilmike_arrival_plus, layout_loops_cross
D:2:      layout_basic
D:3:      layout_rooms, dreamdust_princess_bridge, lemuel_flame_loot_1,
          uniq_robin

Skill      XL: |  1  2  3 |
---------------+----------+-----
Axes           | 3 4 |  4.8
Fighting       | |  2.0
Throwing       | |  1.0
Armour         | |  1.1
Dodging        | |  2.1
Spellcasting   | |  2.0
Translocations | |  2.4

Action                   |  1- 3 |  4- 6 || total
-------------------------+-------+-------++-------
Melee: Hand axe          |    63 |    17 ||    80
       Peck              |     8 |     4 ||    12
       Kick              |    14 |     3 ||    17
       Punch             |       |     1 ||     1
Throw: Boomerang         |     7 |       ||     7
       Javelin           |    18 |     2 ||    20
  Use: Scroll            |     7 |     1 ||     8
Armor: Leather armour    |     9 |     4 ||    13
Dodge: Dodged            |    42 |    13 ||    55

Table legend:
 A = Non-vault XP
 B = Vault XP
 C = Vault XP percentage of total XP
 D = Non-vault monster count
 E = Vault monster count
 F = Vault count percentage of total count
                 A         B        C        D         E       F
            +---------+---------+-------+---------+---------+-------
      Total |      79 |      20 |  20.2 |      35 |      10 |  22.2
            +---------+---------+-------+---------+---------+-------
        D:1 |      20 |       0 |   0.0 |      13 |       0 |   0.0
        D:2 |      51 |       6 |  10.5 |      18 |       3 |  14.3
        D:3 |       8 |      14 |  63.6 |       4 |       7 |  63.6
            +---------+---------+-------+---------+---------+-------
